Map: 디스코 블러드배스 - 래더

Players

llllllllllll (Trap) - Winner!

  • Race: Protoss Protoss
  • League: Master
  • Spawn Location: 3:00

llllllllllll (Oliveira)

  • Race: Terran Terran
  • League: Master
  • Spawn Location: 9:00

Event: HomeStory Cup XX

VOD

Have the link to the VOD?

Description

Time

  • Played on: Nov. 21, 2019, 6:23 a.m.
  • Length: 13:25

All games in this series

Show
View Real Time Build Order
Export as new Build Order

llllllllllll Protoss - Winner!

Build Orders: 1 Gate Expand, Oracle Opening, Phoenix Opening, Zealot Archon 

Get SALT Encoding   

  12  0:00  Probe  
  13  0:12  Probe  
  14  0:17  Pylon  
  14  0:24  Probe  
  15  0:32  Probe  
  15  0:36  Gateway  
  15  0:40  Probe  
  16  0:45  Assimilator  
  17  0:51  Probe  
  18  1:03  Probe  
  19  1:15  Probe  
  20  1:23  Nexus  
  20  1:33  Cybernetics Core  
  20  1:36  Probe  
  21  1:42  Assimilator  
  21  1:48  Probe  
  21  1:51  Pylon  
  22  1:59  Adept  
  22  2:00  Probe  
  23  2:12  Probe  
  23  2:14  Stargate  
  26  2:21  Adept  
  26  2:23  Warp Gate  
  26  2:24  Probe  
  29  2:31  Probe  
  29  2:37  Probe  
  31  2:39  Probe  
  32  2:49  Adept, Probe x2  
  33  2:53  Oracle  
  36  3:01  Probe x2  
  41  3:09  Pylon  
  41  3:13  Probe x2  
  43  3:21  Oracle  
  43  3:25  Probe x2  
  48  3:37  Probe  
  48  3:38  Probe  
  50  3:42  Pylon  
  50  3:45  Nexus  
  49  3:49  Probe  
  49  3:50  Probe  
  51  3:57  Phoenix  
  51  3:59  Gateway  
  53  4:05  Gateway  
  53  4:08  Probe  
  53  4:09  Probe  
  55  4:13  Stalker, Phoenix  
  55  4:16  Pylon  
  59  4:24  Probe  
  59  4:25  Probe  
  59  4:29  Assimilator  
  61  4:34  Assimilator  
  61  4:35  Pylon  
  61  4:36  Probe  
  61  4:37  Probe  
  63  4:45  Forge  
  63  4:46  Twilight Council  
  63  4:48  Probe  
  63  4:49  Probe  
  65  4:59  Probe  
  66  5:00  Probe  
  66  5:01  Probe  
  66  5:03  Charge  
  66  5:06  Protoss Ground Armor Level 1  
  68  5:08  Stalker x3  
  74  5:21  Gateway x2  
  74  5:25  Gateway  
  74  5:35  Gateway x2  
  74  5:38  Probe x2  
  74  5:40  Probe  
  74  5:42  Sentry x2  
  81  5:44  Zealot  
  81  5:49  Pylon  
  83  5:54  Probe x2, Templar Archives  
  83  5:55  Probe  
  86  6:02  Photon Cannon  
  86  6:04  Pylon  
  86  6:09  Zealot x2  
  86  6:10  Zealot  
  92  6:15  Pylon  
  92  6:17  Probe x3  
  95  6:24  Zealot x3  
  101  6:28  Pylon  
  101  6:31  High Templar  
  101  6:32  High Templar, Zealot  
  104  6:42  Archon  
  104  6:43  Zealot x2  
  104  6:46  Zealot  
  110  6:48  High Templar  
  110  6:49  Pylon  
  110  6:51  Pylon  
  112  6:55  High Templar  
  112  6:56  Zealot  
  110  7:03  Stalker x2  
  110  7:04  Protoss Ground Armor Level 2  
  110  7:07  Pylon  
  114  7:08  Zealot x3  
  114  7:11  Pylon  
  85  7:23  Archon  
  85  7:24  Zealot x2  
  85  7:27  Zealot x3  
  85  7:28  Zealot  
  85  7:29  Zealot x2, Phoenix  
  94  7:32  Probe x3  
  94  7:36  Photon Cannon  
  99  7:44  Probe  
  99  7:45  Probe  
  101  7:53  Phoenix  
  101  7:54  Psionic Storm, Zealot x4  
  111  8:04  Assimilator  
  113  8:05  Assimilator, Probe x3  
  113  8:08  Photon Cannon  
  112  8:17  Phoenix  
  112  8:18  Probe x2, Robotics Facility  
  116  8:21  Probe  
  117  8:43  High Templar  
  117  8:44  High Templar, Zealot x6  
  117  8:47  Pylon  
  133  8:49  Pylon  
  133  8:50  Pylon  
  133  8:55  Warp Prism  
  133  8:56  Blink  
  133  8:59  Nexus  
  133  9:01  Pylon  
  133  9:08  High Templar x2  
  139  9:12  Probe  
  139  9:13  Probe x2  
  142  9:20  Immortal  
  140  9:37  Protoss Ground Weapons Level 1  
  144  9:45  Zealot x4  
  148  9:46  High Templar x2, Zealot  
  148  9:47  Zealot  
  148  9:52  Immortal  
  162  10:05  Stalker  
  162  10:06  Stalker x3  
  162  10:07  Stalker x2  
  174  10:16  Archon  
  172  10:23  Zealot x2  
  172  10:26  Immortal  
  174  10:30  Zealot x5  
  174  10:31  Zealot  
  176  10:37  Archon  
  173  10:46  Archon  
  163  10:52  High Templar  
  163  10:53  Warp Prism, High Templar x3, Zealot x3  
  167  11:00  Stalker  
  169  11:12  Nexus  
  165  11:22  Observer  
  165  11:24  Robotics Bay, Robotics Facility  
  165  11:30  Pylon  
  165  11:32  Zealot x4  
  174  11:34  Pylon  
  174  11:40  High Templar x2  
  174  11:43  Pylon  
  178  11:47  Pylon  
  178  11:55  Stalker x3  
  178  11:56  Stalker  
  178  11:58  Colossus x2  
  176  12:21  Archon x2  
  176  12:22  High Templar, Zealot x2  
  188  12:23  Zealot  
  178  12:33  High Templar x2  
  178  12:34  Archon  
  178  12:35  Zealot x2  
  176  12:57  Zealot x3  
  176  12:58  Zealot x2  
  185  13:09  Archon  
  185  13:12  Zealot x3  
  117  13:20  Zealot x4  
  117  13:23  Stalker  
Show
View Real Time Build Order
Export as new Build Order

llllllllllll Terran 

Build Orders: Gas First Reaper Expand 

Get SALT Encoding   

  12  0:00  SCV  
  13  0:13  SCV  
  14  0:17  Supply Depot  
  14  0:25  SCV  
  14  0:28  Refinery  
  15  0:38  SCV  
  16  0:45  Barracks  
  16  0:50  SCV  
  17  1:03  SCV  
  18  1:15  SCV  
  19  1:33  Orbital Command, Reaper  
  20  1:43  Command Center  
  20  1:55  Factory  
  20  1:59  SCV  
  21  2:05  Refinery  
  21  2:08  Barracks Reactor  
  21  2:11  SCV  
  22  2:16  Supply Depot  
  22  2:23  SCV  
  23  2:37  SCV  
  23  2:41  Starport  
  24  2:47  Hellion x2  
  28  2:54  Marine  
  28  2:55  Orbital Command  
  28  2:58  SCV  
  30  3:04  Orbital Command  
  30  3:10  Widow Mine x2, SCV  
  37  3:22  Barracks Tech Lab, SCV  
  38  3:31  SCV  
  38  3:34  SCV  
  38  3:36  Supply Depot  
  38  3:39  Viking  
  39  3:43  SCV  
  39  3:46  SCV, Cyclone  
  39  3:48  Marine x2  
  46  3:57  SCV  
  46  3:58  Supply Depot, SCV  
  49  4:10  SCV  
  49  4:11  SCV  
  49  4:13  Starport Reactor, Barracks x2  
  49  4:16  Barracks Tech Lab  
  50  4:19  Siege Tank  
  50  4:22  SCV  
  50  4:23  SCV  
  55  4:27  Engineering Bay  
  55  4:31  Refinery  
  55  4:34  Marine, SCV  
  55  4:35  Stimpack, SCV  
  58  4:43  Supply Depot  
  58  4:46  SCV  
  58  4:47  SCV  
  60  4:53  Refinery  
  60  4:56  Starport Reactor, Supply Depot  
  60  4:58  SCV  
  62  5:00  SCV  
  62  5:04  Marine x2, Siege Tank  
  62  5:06  Terran Infantry Weapons Level 1  
  62  5:07  Marine  
  67  5:08  Supply Depot  
  67  5:10  Marine  
  67  5:13  SCV  
  70  5:17  Marine, SCV  
  70  5:20  Supply Depot  
  72  5:22  Marine x2  
  72  5:24  Marine  
  72  5:25  SCV  
  76  5:29  Marine  
  76  5:32  Supply Depot  
  76  5:35  Marine, Medivac  
  78  5:36  Medivac  
  78  5:41  Siege Tank  
  78  5:42  Marine  
  86  5:44  Marine  
  86  5:48  Marine  
  86  5:49  Liberator, Supply Depot  
  88  5:50  Marine  
  88  5:54  Missile Turret, SCV  
  88  5:56  Marine, SCV  
  92  5:58  Liberator  
  92  6:01  Marine  
  93  6:10  Marine x2  
  98  6:14  Marine, Combat Shield  
  98  6:16  Supply Depot  
  102  6:24  Marine  
  103  6:29  Siege Tank  
  103  6:30  Marine x3  
  109  6:34  Supply Depot  
  109  6:37  Marine  
  110  6:41  Marine  
  110  6:44  SCV  
  110  6:45  SCV  
  110  6:46  Supply Depot  
  112  6:47  Marine  
  112  6:48  Marine x2  
  112  6:52  Medivac  
  114  6:55  Marine  
  114  6:57  SCV x2  
  114  6:59  Marine  
  115  7:08  Marine x2  
  115  7:10  Siege Tank  
  115  7:12  Marine  
  115  7:13  Liberator x2  
  101  7:24  Marine  
  101  7:28  Marine  
  91  7:32  SCV  
  91  7:33  SCV  
  91  7:34  Barracks  
  91  7:35  Barracks  
  91  7:36  Marine x2, Terran Infantry Armor Level 1  
  100  7:39  Marine  
  100  7:42  Widow Mine  
  103  7:45  Marine  
  104  7:52  Marine  
  104  7:54  Marine x2, Command Center  
  104  7:56  Liberator x2  
  104  7:58  SCV x2  
  109  7:59  Marine  
  110  8:07  Marine  
  110  8:10  Marine  
  110  8:12  Siege Tank  
  112  8:13  SCV  
  112  8:18  Marine  
  120  8:20  Marine  
  120  8:21  SCV  
  120  8:24  Supply Depot  
  120  8:25  Barracks Tech Lab x2  
  122  8:30  SCV  
  122  8:31  Marine x2, Ghost Academy  
  125  8:37  Marine  
  125  8:39  SCV  
  127  8:42  Marine  
  127  8:43  SCV  
  127  8:46  Siege Tank  
  132  8:51  Marine x2, Supply Depot, SCV  
  135  8:59  Marine  
  135  9:01  Marine  
  135  9:02  Ghost x2  
  136  9:04  Ghost  
  136  9:09  Orbital Command  
  142  9:10  Marine x2  
  142  9:16  Refinery, SCV  
  142  9:17  Refinery  
  145  9:20  Marine  
  145  9:21  Medivac  
  145  9:23  Medivac  
  150  9:26  Marine  
  150  9:30  Marine x2  
  150  9:31  SCV  
  154  9:32  SCV  
  155  9:39  Ghost  
  155  9:40  Marine  
  155  9:42  Marine  
  155  9:44  Marine  
  161  9:46  Siege Tank  
  161  9:48  Marine  
  161  9:51  Supply Depot  
  163  9:56  Engineering Bay, Armory  
  163  10:07  Marine x2  
  163  10:13  Marauder, SCV  
  163  10:14  Marine x2, Marauder  
  168  10:18  Marine  
  173  10:25  SCV  
  173  10:27  SCV  
  173  10:29  Marine  
  173  10:31  Marine  
  173  10:34  Marauder  
  171  10:36  Marauder  
  171  10:37  SCV  
  171  10:39  Medivac, SCV  
  171  10:40  SCV  
  171  10:42  Marine  
  171  10:48  Marine, Medivac  
  171  10:49  Marine, SCV  
  170  10:51  SCV  
  170  10:53  SCV  
  170  10:57  Marine  
  172  10:59  Terran Infantry Weapons Level 2, Marauder  
  172  11:03  Marauder  
  172  11:04  Terran Infantry Armor Level 2  
  174  11:08  Siege Tank  
  174  11:12  Ghost  
  176  11:21  Marauder  
  176  11:24  Enhanced Shockwaves  
  178  11:29  Supply Depot  
  178  11:31  Supply Depot  
  176  11:33  Medivac  
  176  11:34  Medivac  
  180  11:50  Marine x2, Marauder  
  180  11:52  Marine x2  
  180  11:53  Marauder  
  187  11:59  Marine  
  187  12:03  Viking  
  187  12:04  SCV  
  187  12:08  Marine  
  175  12:09  Marine, SCV  
  175  12:10  Marine  
  175  12:12  SCV  
  161  12:16  SCV  
  161  12:21  SCV  
  157  12:24  SCV  
  147  12:32  SCV  
  147  12:34  Marine x2  
  132  12:49  Marine  
  132  12:50  Marauder  
  128  12:57  Marine  
  128  13:04  Marine  
Tags
 
Add a new tag
Caveats
  • Supply blocks, unpowered buildings, or Contaminate may cause inaccurate times.
  • Supply counts are checked every 10 seconds.